 Dungeon Crawl Stone Soup version 0.19-a0-1490-g5dd3618 (webtiles) character file.

188 epen the Ducker (level 5, -12/28 HPs)
             Began as a Spriggan Monk on Sept 8, 2016.
             Mangled by a gnoll
             ... wielding a +0 halberd
              (14 damage)
             ... on level 4 of the Dungeon.
             The game lasted 00:04:11 (4067 turns).

epen the Ducker (Spriggan Monk)                     Turns: 4067, Time: 00:04:13

Health: -12/28     AC:  2    Str:  7    XL:     5   Next: 39%
Magic:  6/6        EV: 11    Int: 11    God:
Gold:   126        SH:  0    Dex: 20    Spells: 0 memorised, 4 levels left

rFire  . . .     SeeInvis +     a - +0 short sword
rCold  . . .     Gourm    .     b - +0 robe
rNeg   . . .     Faith    .     (shield restricted)
rPois  +         Spirit   .     (helmet restricted)
rElec  .         Dismiss  .     (no cloak)
rCorr  .         Reflect  .     (gloves unavailable)
MR     .....     Harm     .     (boots unavailable)
Stlth  +++.......               (no amulet)
                                (no ring)
                                h - ring of poison resistance

@: very slightly contaminated, held, very quick
A: unfitting armour, see invisible, herbivore 3, speed 3, slow metabolism 2
a: no special abilities


You were on level 4 of the Dungeon.
You were not hungry.

You visited 1 branch of the dungeon, and saw 4 of its levels.

You collected 126 gold pieces.

Inventory:

Hand Weapons
 a - a +0 short sword (weapon)
Armour
 b - a +0 robe (worn)
Jewellery
 h - a ring of poison resistance (left hand)
Scrolls
 e - a scroll of amnesia
 f - a scroll of identify
 j - a scroll of magic mapping
 n - a scroll of immolation
 q - a scroll of teleportation
Potions
 g - 3 potions of heal wounds
 l - a potion of brilliance
 m - 2 potions of flight
Books
 p - a book of Transfigurations

   Spells                             Type                      Level
   a - Irradiate                      Conjuration/Transmutation    5
   b - Statue Form                    Transmutation/Earth          6
   c - Hydra Form                     Transmutation                6
   d - Dragon Form                    Transmutation                7
Comestibles
 c - 3 bread rations
 o - a slice of pizza


   Skills:
 + Level 2.9 Fighting
 * Level 4.8 Short Blades
 + Level 1.6 Throwing
 + Level 5.3 Dodging
 + Level 4.9 Stealth


You had 4 spell levels left.
You didn't know any spells.

Dungeon Overview and Level Annotations

Branches:
Dungeon (4/15)
 Temple: D:4-7

Altars:
Cheibriados
Dithmenos
Hepliaklqana
Kikubaaqudgha
Nemelex Xobeh
Vehumet
Yredelemnul

Annotations:
D:4 Pikel


Innate Abilities, Weirdness & Mutations

You are tiny and cannot use many weapons and most armour.
You have supernaturally acute eyesight. (SInv)
You are a herbivore.
You cover ground extremely quickly.
You need consume almost no food.


Message History

The slave shouts!
The gnoll shouts! x2
A gnoll and Pikel come into view.
Pikel is wielding a whip of flaming.
The gnoll misses you.
A gnoll comes into view. It is wielding a spear.
The gnoll closely misses you.
The gnoll throws a throwing net.
The throwing net hits you.
You become entangled in the net!
You see here a throwing net.
You struggle against the net.
You tear a large gash into the net.
The gnoll hits you with a club!
The gnoll hits you from afar with a halberd!
* * * LOW HITPOINT WARNING * * *
The gnoll shouts!
You struggle against the net.
The gnoll shouts!
Pikel shouts!
You hear a shout! x3
The gnoll hits you with a club.
* * * LOW HITPOINT WARNING * * *
The gnoll hits you from afar with a halberd!
Ouch! That really hurt!
You die...

,>,,,,,**,*,,,,,,,,**,,,,,*
*,,,,,,,*,#.,,,....#*...,,*
*,,,,,,,,,#...,....##...,,*
*,,,,,,,**#...,.........,,*
,,,,,,..*,,...##......#****
*****#.p#+###.#.......#
##.K.p.#(.........*
#.....K..pg....#***
****#........ggg@.#*
,,,,+.............#
****#.......?.....# ,*
#.............# ,*
**#+#.........# ,*
*,###########************ ,*
*,*,,,,,,,,,,,,,,,,,,,,,*
,******,*,*******************,*
,,,,,,,,*,*,,,,,*******>,,,,*,*


You could see Pikel, 2 slaves and 4 gnolls.

Vanquished Creatures
  A vampire bat (D:3)
  2 gnolls (D:3)
  2 adders (D:2)
  An ooze (D:1)
  An adder skeleton (D:4)
  4 dart slugs
  A giant gecko (D:2)
  2 orcs (D:3)
  4 bat skeletons (D:3)
  A bat zombie (D:3)
  5 giant cockroaches
  2 gnoll zombies (D:2)
  13 goblins
  7 hobgoblins
  16 jackals
  9 kobolds
  2 bats
  7 giant newts
  6 rats
86 creatures vanquished.

Notes
Turn   | Place    | Note
-------+----------+-------------------------------------------
     0 | D:1      | epen the Spriggan Monk began the quest for the Orb.
     0 | D:1      | Reached XP level 1. HP: 11/11 MP: 2/2
   264 | D:1      | Reached XP level 2. HP: 13/16 MP: 3/3
   603 | D:1      | Found a sparkling altar of Nemelex Xobeh.
   712 | D:1      | Reached XP level 3. HP: 19/19 MP: 4/4
   732 | D:1      | Reached skill level 1 in Throwing
  1452 | D:2      | Found a snail-covered altar of Cheibriados.
  1605 | D:2      | Reached skill level 5 in Dodging
  2038 | D:2      | Found a basalt altar of Yredelemnul.
  2145 | D:2      | Reached XP level 4. HP: 19/23 MP: 5/5
  2455 | D:3      | Found a hazy altar of Hepliaklqana.
  2796 | D:3      | Found a shadowy altar of Dithmenos.
  2824 | D:3      | Found a radiant altar of Vehumet.
  3372 | D:3      | Reached XP level 5. HP: 27/27 MP: 6/6
  3374 | D:3      | Found an ancient bone altar of Kikubaaqudgha.
  3482 | D:3      | HP: 1/28 [poisoned by a worker ant]
  4059 | D:4      | Noticed a slave
  4059 | D:4      | Noticed a slave
  4061 | D:4      | Noticed Pikel
  4067 | D:4      | Mangled by a gnoll

Vault maps used:
D:1:      dpeg_arrival_another_circle, minmay_stone_trees_small,
          nemelex_xobeh_ov_fountains_minmay
D:2:      lemuel_zombie_altar_yredelemnul, cheibriados_altar_1
D:3:      lemuel_doored_altar, overflow_temple_1_default, lemuel_crystal_altar,
          kennysheep_vampire_church, nicolae_overflow_hidden_temple
D:4:      kennysheep_slugbush, makhleb_altar_promises_db, first_bread,
          serial_shops, nicolae_shop_overgrown_old_shop, bloody_trog, uniq_pikel

Skill      XL: |  1  2  3  4 |
---------------+-------------+-----
Throwing       | 1 |  1.6
Dodging        | 5 |  5.3
Stealth        | 4 |  4.9
Short Blades   | 4 |  4.8
Fighting       | |  2.9

Action                   |  1- 3 |  4- 6 || total
-------------------------+-------+-------++-------
Melee: Short sword       |   193 |   134 ||   327
  Use: Scroll            |       |    10 ||    10
       Potion            |       |     1 ||     1
 Stab: Sleeping          |     8 |    13 ||    21
       Distracted        |     1 |       ||     1
  Eat: Pizza             |       |     1 ||     1
Armor: Robe              |    18 |     9 ||    27
Dodge: Dodged            |   164 |   115 ||   279
